 Dungeon Crawl Stone Soup version 0.31.0-12-g77e489cdc1 (webtiles) character file.

Game seed: 11817248997727628827

324 Gadfly the Sneak (level 6, -1/30 HPs)
             Began as a Spriggan Enchanter on Feb 18, 2024.
             Killed by psychic fangs
             ... invoked by a brain worm
              (14 damage)
             ... in a sewer.
             The game lasted 00:07:59 (4263 turns).

Gadfly the Sneak (Spriggan Enchanter)               Turns: 4263, Time: 00:07:59

Health: -1/30      AC:  4    Str:  4    XL:     6   Next: 23%
Magic:  2/12       EV: 18    Int: 19    God:
Gold:   214        SH:  0    Dex: 15    Spells: 3/12 levels left

rFire   x . .        a - +2 dagger
rCold   + + .        (no shield)
rNeg    . . .        k - +2 robe {rC+}
rPois   .            (helmet restricted)
rElec   .            (no cloak)
rCorr   .            (gloves unavailable)
SInv    +            (boots unavailable)
Will    +....        (no amulet)
Stlth   ++           i - ring of ice
HPRegen 0.25/turn    (no ring)
MPRegen 0.13/turn

%: no passive effects
@: very slightly contaminated, slow
A: very small, no large weapons, unfitting armour, see invisible, speed 3
a: no special abilities


You were in a sewer.
You visited 2 branches of the dungeon, and saw 5 of its levels.
You also visited: Sewer.

You collected 214 gold pieces.

Inventory:

Hand Weapons
 a - a +2 dagger (weapon)
Armour
 k - a +2 robe of cold resistance (worn)
Jewellery
 i - a ring of ice (left hand)
Scrolls
 b - a scroll of poison
 e - a scroll of identify
 g - a scroll of enchant armour
Potions
 c - 2 potions of invisibility
 d - a potion of resistance
 f - a potion of curing


   Skills:
 + Level 1.7 Fighting
 + Level 3.0 Short Blades
 + Level 4.2 Dodging
 + Level 5.6 Stealth
 + Level 3.9 Spellcasting
 + Level 4.4 Hexes
 + Level 2.5 Evocations


You had 3 spell levels left.
You knew the following spells:

 Your Spells              Type           Power      Damage    Failure   Level
a - Ensorcelled Hibernat  Hex/Ice        36%        N/A       9%          2
b - Confusing Touch       Hex            20%        N/A       7%          3
c - Cause Fear            Hex            10%        N/A       22%         4

Your spell library contained the following spells:

 Spells                   Type           Power      Damage    Failure   Level
 Slow                     Hex            80%        N/A       2%          1
 Sigil of Binding         Hex            20%        N/A       7%          3
 Tukima's Dance           Hex            20%        N/A       7%          3
 Summon Small Mammal      Summ           12%        N/A       14%         1
 Dazzling Flash           Conj/Hex       24%        N/A       17%         3
 Call Canine Familiar     Summ           3%         N/A       38%         3
 Vampiric Draining        Necr           3%         2d6       38%         3
 Manifold Assault         Tloc           3%         N/A       80%         4
 Summon Blazeheart Golem  Fire/Summ      3%         N/A       80%         4
 Fireball                 Conj/Fire      1%         3d3       98%         5
 Dispersal                Tloc           1%         N/A       100%        6
 Disjunction              Tloc           1%         N/A       100%        8
 Dragon's Call            Summ           1%         N/A       100%        9


Dungeon Overview and Level Annotations

Branches:
Dungeon (4/15)             Temple (1/1) D:4           Sewer (1/1)

Altars:
Ashenzari
Cheibriados
Dithmenos
Kikubaaqudgha
Nemelex Xobeh
Okawaru
Qazlal
Sif Muna
Trog
Uskayaw
Vehumet
Wu Jian
The Shining One


Innate Abilities, Weirdness & Mutations

You are very small and have problems with some larger weapons.
You are too small for most types of armour.
You have supernaturally acute eyesight. (SInv)
You cover ground extremely quickly. (Speed+++)


Message History

The ball python hisses angrily.
Why would you want to do that?
A brain worm comes into view.
The ball python closely misses you. The ball python misses you.
You hit the ball python.
The ball python is severely wounded.
The ball python misses you. The ball python completely misses you.
You hit the ball python.
You kill the ball python!
The brain worm's bulging head throbs.
Something gnaws on your mind!
You feel your power leaking away.
The brain worm's throbbing head pulsates.
Something gnaws on your mind!
You feel your power leaking away.
You feel a surge of power!
The brain worm resists with significant effort.
The brain worm misses you.
You feel a surge of power!
You miscast Ensorcelled Hibernation.
You are very lightly contaminated with residual magic.
Nothing appears to happen.
The brain worm barely misses you.
You don't have enough magic to cast this spell.
Casting: Ensorcelled Hibernation (safe; 9% risk of failure)
Confirm with . or Enter, or press ? or * to list all spells.
Okay, then.
A brain worm is nearby!
You hit the brain worm but do no damage.
The brain worm bites you.
Your unstable footing causes you to fumble your attack.
The brain worm closely misses you.
Your unstable footing causes you to fumble your attack.
The brain worm bites you.
You hit the brain worm.
The brain worm is moderately wounded.
The brain worm closely misses you.
You hit the brain worm.
The brain worm is moderately wounded.
The brain worm's bulging head throbs.
Something gnaws heavily on your mind!
You die...

#≈≈##≈#≈≈###
#####≈≈##≈≈≈≈≈≈#≈≈
##≈≈≈≈≈≈≈≈≈≈≈≈≈≈≈≈≈≈
###≈≈≈≈≈≈≈≈≈≈≈≈≈≈≈≈≈≈≈
#≈≈≈≈≈≈≈≈≈≈≈≈≈≈l≈≈≈≈≈≈
#≈≈≈≈≈≈≈≈≈≈≈≈≈≈≈≈≈≈≈≈≈
≈≈≈≈≈≈≈≈≈~~≈≈≈≈≈≈≈≈≈≈≈
≈≈≈≈≈≈≈≈~.#~~≈≈≈≈~≈≈≈≈
≈≈≈≈≈≈≈@####.~≈≈..~≈≈≈
≈≈≈≈≈≈~w# ###∩∩##.~.
≈≈≈≈≈≈~## #### ≈≈≈≈≈~~
≈≈≈≈... ≈≈≈≈~## ≈≈≈~#
≈≈≈.


You could see a brain worm.

Vanquished Creatures
  A phantom (D:4)
  A scorpion (D:4)
  Jessica (D:2)
  Terence (D:2)
  Robin (D:2)
  4 adders (D:2)
  2 ribbon worms (D:2)
  An orc (D:4)
  10 ball pythons
  9 bats
  5 endoplasms
  3 giant cockroaches
  11 goblins
  13 hobgoblins
  2 jackals (D:1)
  6 quokkas
  5 frilled lizards (D:1)
  9 kobolds
  3 rats
88 creatures vanquished.

Notes
Turn   | Place    | Note
-------+----------+-------------------------------------------
     0 | D:1      | Gadfly the Spriggan Enchanter began the quest for the Orb.
     0 | D:1      | Reached XP level 1. HP: 9/9 MP: 5/5
   105 | D:1      | Reached XP level 2. HP: 13/13 MP: 6/6
   108 | D:1      | Learned a level 2 spell: Ensorcelled Hibernation
   758 | D:1      | Reached XP level 3. HP: 13/17 MP: 2/8
   762 | D:1      | Learned a level 3 spell: Confusing Touch
  1100 | D:2      | Reached skill level 1 in Evocations
  1200 | D:2      | You fall into a shaft and drop 1 floor!
  1588 | D:3      | Found a radiant altar of Vehumet.
  1798 | D:2      | Noticed Robin
  1952 | D:2      | Noticed Terence
  1966 | D:2      | Killed Terence
  1967 | D:2      | Reached skill level 1 in Fighting
  1967 | D:2      | Reached XP level 4. HP: 10/22 MP: 2/9
  2055 | D:2      | Noticed Jessica
  2303 | D:2      | Killed Jessica
  2304 | D:2      | Reached skill level 5 in Stealth
  2752 | D:2      | Reached XP level 5. HP: 25/25 MP: 10/10
  2757 | D:2      | Learned a level 4 spell: Cause Fear
  3219 | D:2      | Killed Robin
  3852 | D:4      | Found an ornate altar of the Wu Jian Council.
  3859 | D:4      | Found a shadowy altar of Dithmenos.
  3925 | D:4      | Found a shimmering blue altar of Sif Muna.
  3934 | D:4      | Noticed a phantom
  3942 | D:4      | Killed a phantom
  3972 | D:4      | Found a staircase to the Ecumenical Temple.
  3981 | Temple   | Entered the Ecumenical Temple
  4121 | D:4      | Reached XP level 6. HP: 30/30 MP: 3/12
  4228 | D:4      | Found a glowing drain.
  4247 | Sewer    | Entered a sewer
  4263 | Sewer    | Killed from afar by a brain worm

Illustrated notes

Levels and vault maps discovered:
D:1:      minmay_arrival_four_houses, layout_basic,
          wander_ebering_terrifying_dragon_lair
D:2:      layout_basic, serial_corexii_hall, corexii_hall_statues_l,
          chequers_hall_statues_y, corexii_hall_statues_x,
          corexii_hall_statues_x, minivault_25, uniq_terence, uniq_jessica,
          uniq_robin
D:3:      layout_basic, nicolae_vehumet_altar_sigil
D:4:      layout_loops_cross, kennysheep_mini,
          mainiacjoe_overflow_large_starburst, mainiacjoe_overflow_alcove_2,
          minmay_temple_entry_poolview, portal_sewer_entry_f,
          mrwooster_statue_mirror, uniq_pikel
Temple:   nicolae_temple_bog_church
Sewer:    sewer_co_pargi_island

Skill      XL: |  1  2  3  4  5 |
---------------+----------------+-----
Dodging        | 3 4 |  4.2
Spellcasting   | 3 |  3.9
Evocations     | 1 2 |  2.5
Short Blades   | 2 3 |  3.0
Fighting       | 1 |  1.7
Hexes          | 4 |  4.4
Stealth        | 5 |  5.6

Action                     |  1- 3 |  4- 6 || total
---------------------------+-------+-------++-------
  Melee: Dagger            |   148 |   159 ||   307
         Punch             |     1 |     1 ||     2
   Cast: Ensorcelled Hiber |    23 |    35 ||    58
         Confusing Touch   |     1 |     1 ||     2
    Use: Scroll            |     5 |     6 ||    11
   Stab: Sleeping          |    23 |    20 ||    43
         Confused          |     1 |     2 ||     3
         Distracted        |       |     1 ||     1
 Armour: Robe              |    49 |    59 ||   108
  Dodge: Dodged            |   122 |   159 ||   281
